 Dungeon Crawl Stone Soup version 0.24-a0-504-gcfb02b9d07 (webtiles) character file.

Game seed: 14197203904378623704

114312 mopl the Ducker (level 16, 0/149 HPs)
             Began as a Troll Arcane Marksman on July 17, 2019.
             Was a High Priest of Okawaru.
             Succumbed to a merfolk impaler's poison
             ... on level 2 of the Shoals.
             The game lasted 01:22:32 (24654 turns).

mopl the Ducker (Troll Arcane Marksman)            Turns: 24654, Time: 01:22:33

Health: 0/149      AC: 19    Str: 26    XL:     16   Next: 16%
Magic:  19/20      EV: 23    Int:  9    God:    Okawaru [*****.]
Gold:   890        SH: 26    Dex: 11    Spells: 14/20 levels left

rFire    + . .     SeeInvis .     - Unarmed
rCold    + . .     Gourm    +   O - +2 large shield {AC+3}
rNeg     . . .     Faith    .   R - +2 robe {MR+}
rPois    .         Spirit   .   H - +1 hat
rElec    .         Reflect  +   E - scarf {rC+ rF+}
rCorr    .         Harm     .   (gloves unavailable)
MR       ++...                  (boots unavailable)
Stlth    +++.......             K - +5 amulet of reflection
HPRegen  0.74/turn              g - +6 ring of protection
MPRegen  0.17/turn              F - ring of Phasing {EV+8, =R}

@: lethally poisoned (0 -> -28), heroism
A: large, unfitting armour, claws 3, fast metabolism 3, gourmand, regeneration
1, shaggy fur 1, tough skin 3
a: Heroism, Finesse, Renounce Religion


You were on level 2 of the Shoals.
You worshipped Okawaru.
Okawaru was extremely pleased with you.
You were completely stuffed.

You visited 6 branches of the dungeon, and saw 28 of its levels.
You also visited: Gauntlet.

You collected 2611 gold pieces.
You spent 1721 gold pieces at shops.

Inventory:

Hand Weapons
 b - a +4 trident
 q - the +0 flail of Kindness {crush, +Rage MP+9 Stlth-}
   (You found it on level 1 of the Lair of Beasts)

   It inflicts extra damage upon your enemies.
   It affects your magic capacity (+9).
   It lets you go berserk.
   It makes you less stealthy.
 Z - a +6 lajatang of speed
Missiles
 c - 38 large rocks
 d - 5 throwing nets
 r - 146 poisoned darts (quivered)
 s - 16 silver javelins
 Q - 25 javelins
 S - 69 boomerangs
 T - 14 curare-tipped darts
 U - 3 boomerangs of dispersal
Armour
 E - a scarf of resistance (worn)
 H - a +1 hat (worn)
 O - a +2 large shield of protection (worn)
 R - a +2 robe of magic resistance (worn)
Jewellery
 g - a +6 ring of protection (left claw)
 w - the ring "Dyisilis" {+Fly rF+ Int-4 SInv}
   (You found it in a Gauntlet)

   [ring of flight]

   It affects your intelligence (-4).
   It protects you from fire.
   It lets you see invisible.
   It lets you fly.
 F - the ring of Phasing (right claw) {EV+8, =R}
   (You found it on level 4 of the Lair of Beasts)

   [ring of evasion]

   It affects your evasion (+8).
 I - an uncursed ring of resist corrosion
 K - a +5 amulet of reflection (around neck)
 L - an uncursed ring of poison resistance
Wands
 k - a wand of paralysis (11)
 t - a wand of disintegration (19)
 v - a wand of scattershot (1)
 x - a wand of acid (10)
 y - a wand of polymorph (29)
 z - a wand of iceblast (32)
 G - a wand of clouds (2)
Scrolls
 e - 3 scrolls of blinking
 h - 10 scrolls of remove curse
 l - 9 scrolls of teleportation
 A - 2 scrolls of fear
 B - 3 scrolls of fog
 D - 3 scrolls of summoning
 J - 2 scrolls of vulnerability
 M - 6 scrolls of magic mapping
 N - 4 scrolls of identify
 W - a scroll of silence {!r}
Potions
 a - 5 potions of might
 i - 9 potions of haste
 j - 5 potions of agility
 m - 4 potions of berserk rage {!q}
 n - 3 potions of lignification {!q}
 o - 2 potions of cancellation
 p - 14 potions of curing
 C - 2 potions of ambrosia
 P - 4 potions of resistance
 V - 6 potions of heal wounds
 X - 4 potions of flight
Miscellaneous
 Y - a lightning rod (4/4)
Comestibles
 f - 50 rations
 u - 6 chunks of flesh


   Skills:
 - Level 7.0(12.0) Fighting
   Level 7.0(12.0) Long Blades
 + Level 6.0(11.3) Maces & Flails
 + Level 0.1(6.5) Polearms
 + Level 2.6(9.4) Staves
   Level 7.0(12.8) Slings
 - Level 7.0(14.1) Throwing
 - Level 7.0(12.0) Armour
 - Level 7.3(12.3) Dodging
 - Level 7.0(12.0) Shields
 - Level 7.1(12.1) Unarmed Combat
 + Level 2.6 Spellcasting
 + Level 5.0 Hexes
 + Level 2.2 Necromancy
 + Level 5.0 Translocations
 + Level 4.9 Transmutations
 - Level 7.0 Invocations
 - Level 7.0 Evocations


You had 14 spell levels left.
You knew the following spells:

 Your Spells              Type           Power        Failure   Level  Hunger
b - Beastly Appendage     Tmut           ##....       8%          1    ##.....
c - Corpse Rot            Necr           N/A          34%         2    ###....
f - Portal Projectile     Hex/Tloc       ##....       22%         3    ####...

Your spell library contained the following spells:

 Spells                   Type           Power        Failure   Level  Hunger
 Corona                   Hex            ##.....      8%          1    ##.....
 Slow                     Hex            ##......     12%         2    ###....
 Sticks to Snakes         Tmut           ##......     12%         2    ###....
 Inner Flame              Hex/Fire       #.......     54%         3    ####...
 Recall                   Summ/Tloc      N/A          54%         3    ####...
 Spider Form              Tmut/Pois      #.........   54%         3    ####...
 Cause Fear               Hex            ##........   58%         4    #####..
 Stone Arrow              Conj/Erth      #.....       88%         3    ####...
 Ice Form                 Ice/Tmut       #.......     91%         4    #####..
 Leda's Liquefaction      Hex/Erth       #.........   91%         4    #####..
 Blade Hands              Tmut           ##........   91%         5    ######.
 Irradiate                Conj/Tmut      #.........   99%         5    ######.
 Summon Forest            Summ/Tloc      #.........   99%         5    ######.
 Summon Mana Viper        Hex/Summ       #.......     99%         5    ######.
 Aura of Abjuration       Summ           #.........   100%        5    ######.
 Summon Demon             Summ           #.........   100%        5    ######.
 Hydra Form               Tmut           ##........   100%        6    #######
 Shadow Creatures         Summ           N/A          100%        6    #######
 Statue Form              Tmut/Erth      #........    100%        6    #######
 Dragon Form              Tmut           ##........   100%        7    #######
 Summon Hydra             Summ           #.........   100%        7    #######


Dungeon Overview and Level Annotations

Branches:
Dungeon (15/15)            Temple (1/1) D:7            Lair (6/6) D:11
 Shoals (3/4) Lair:3       Spider (0/4) Lair:4        Slime (0/5) Lair:6
    Orc (2/2) D:9             Elf (0/3) Orc:2        Vaults (0/5) D:14
 Depths (1/5) D:15

Altars:
Ashenzari
Cheibriados
Dithmenos
Elyvilon
Fedhas
Hepliaklqana
Kikubaaqudgha
Makhleb
Okawaru
Qazlal
Ru
Sif Muna
Trog
Uskayaw
Vehumet
Wu Jian
Xom
Yredelemnul
Zin
The Shining One
Beogh
Jiyva

Shops:
D:12 (   D:15 }??[}   Orc:2 [*(!

Portals:
Hell: Depths:1
Trove: D:12 (give +5 demon whip)

Annotations:
D:7 exclusion: oklob plant, Prince Ribbit
Lair:6 1 runed translucent door
Shoals:2 ?HW


Innate Abilities, Weirdness & Mutations

You are too large for most types of armour.
You have claws for hands.
Your metabolism is lightning-fast.
You like to eat raw meat.
Your natural rate of healing is unusually fast.
You are covered in fur. (AC +1)
You have extremely tough skin. (AC +3)


Message History

The faun shoots a stone.
You reflect the stone off an invisible shield around you!
The stone hits the faun!
* * * LOW HITPOINT WARNING * * *
You feel very sick.
The satyr shouts!
The satyr plays a frightful melody on his pipes!
The satyr radiates an aura of fear!
You are terrified of the satyr!
There is a stone staircase leading up here.
* * * LOW HITPOINT WARNING * * *
You feel very sick.
The faun shoots a stone.
The stone barely misses you.
You hear a splash.
The satyr unwields a +0 spear.
The satyr wields a +0 longbow.
The satyr shoots an arrow.
The arrow hits you!!
* * * LOW HITPOINT WARNING * * *
You climb upwards.
Level annotation: ?HW You die...

≈≈≈.##..# ##...#..≈≈≈≈≈≈≈≈≈≈≈≈≈
≈≈≈≈....#####..≈≈....≈≈≈≈≈≈≈≈≈≈≈≈
≈≈≈≈≈≈≈.........≈≈..≈≈≈≈≈≈≈≈≈≈≈≈≈
≈≈≈≈≈≈≈≈≈.....≈.≈≈.....≈≈≈≈≈≈≈≈≈≈
≈≈≈≈≈≈≈P≈≈.....≈=≈.....≈≈≈≈≈≈≈≈≈≈
≈≈≈≈≈≈≈P≈..##..≈......≈.≈≈≈≈≈≈≈≈≈
≈≈≈≈≈≈≈P≈..###.≈......≈≈≈≈≈≈≈≈≈≈≈
≈≈≈≈≈≈≈P≈≈.# #........≈≈≈≈≈≈≈≈≈≈≈
≈≈≈≈≈≈≈≈≈≈.###..@.....≈≈≈≈≈≈≈≈≈≈≈
≈≈≈≈≈≈≈≈≈≈.....[........≈..≈≈≈≈≈≈
≈≈≈≈≈≈≈≈P≈P≈P..##..##.......≈≈≈≈≈
≈≈≈≈≈≈≈≈≈≈≈≈≈≈.######<.##...≈≈≈≈≈
≈≈P≈≈≈≈≈≈≈≈≈≈≈.###....####..≈≈≈≈≈
.≈≈≈≈≈≈≈≈≈≈≈≈≈.........###.≈≈≈≈≈≈
P≈≈≈≈≈≈≈≈≈≈≈≈≈≈.......##..≈≈≈≈≈≈≈
≈≈≈≈..≈≈≈≈≈≈≈....≈≈..###...≈≈≈≈≈≈
....#..≈≈≈≈≈≈≈≈≈≈≈..## #..≈≈≈≈≈≈≈


There were no monsters in sight!

Vanquished Creatures
  Rupert (Orc:2)
  Agnes (D:14)
  A stone giant (Orc:1)
  A reaper (Gauntlet)
  Azrael (Orc:2)
  A minotaur (Gauntlet)
  Snorg (Orc:2)
  A merfolk javelineer (Shoals:2)
  An ettin (Orc:1)
  A merfolk impaler (Shoals:3)
  A fire dragon (Lair:6)
  A yaktaur captain (Depths:1)
  A great orb of eyes (Depths:1)
  Josephine (Lair:6)
  An ogre mage (D:14)
  6 hydras
  A rakshasa (D:13)
  2 centaur warriors
  9 two-headed ogres
  Erica (D:9)
  2 tengu warriors (D:13)
  A merfolk aquamancer (Shoals:1)
  3 death yaks
  A vampire mage (D:15)
  A titan zombie (D:15)
  A thrashing horror (Gauntlet)
  2 orc high priests
  Nergalle (Lair:2)
  2 skeletal warriors (D:15)
  8 sea snakes
  A flayed ghost (Depths:1)
  An orb spider (Lair:4)
  A lindwurm (Lair:6)
  An orc knight (D:15)
  15 harpies
  A deep elf mage (D:13)
  A necromancer (D:15)
  5 orc sorcerers
  10 ugly things
  5 fauns (Shoals:2)
  A sphinx skeleton (D:15)
  3 manticores
  3 cyclopes
  4 centaur zombies
  Maurice (D:8)
  4 black mambas
  3 water nymphs
  3 molten gargoyles (Lair:6)
  A merfolk siren (Shoals:2)
  3 centaur skeletons
  2 gargoyles
  7 spiny frogs
  2 yaktaurs (Depths:1)
  9 komodo dragons
  2 tengu conjurers
  2 efreet
  11 merfolk
  4 trolls
  2 wind drakes (Shoals:2)
  A polar bear (Lair:4)
  A hornet (shapeshifter) (D:15)
  20 blink frogs
  7 snapping turtles
  12 hippogriffs
  19 dream sheep
  A shadow (D:14)
  3 fire elementals (Orc:2)
  5 wraiths
  4 small abominations (Gauntlet)
  8 water elementals
  64 yaks
  7 wyverns
  An ice dragon skeleton (D:15)
  6 basilisks
  A fire bat (shapeshifter) (D:13)
  A human zombie (D:15)
  A steam dragon (Lair:6)
  5 vampire mosquitoes (D:15)
  7 wargs
  Edmund (D:6)
  Duvessa (D:6)
  2 acid dragons
  8 porcupines
  10 water moccasins
  7 hell hounds
  4 sky beasts
  17 orc warriors
  2 ice beasts
  A black bear (D:7)
  6 ogres
  2 necrophages
  4 wolves (Lair:4)
  11 centaurs
  11 crocodiles
  2 big kobolds
  5 bullfrogs
  A water moccasin skeleton (D:8)
  Dowan (D:6)
  4 killer bees
  7 wights
  2 howler monkeys (D:8)
  4 lava snakes (Lair:6)
  4 bullfrog zombies
  4 crimson imps
  4 jellies
  A quasit (D:13)
  14 orc priests
  A bullfrog skeleton (D:13)
  6 hounds
  37 orc wizards
  Ijyb (D:3)
  Natasha (thrice) (D:3)
  7 worker ants
  A hound skeleton (D:4)
  8 gnolls
  16 adders
  A howler monkey skeleton (D:7)
  4 shadow imps
  An ooze (D:3)
  An adder zombie (D:5)
  An adder skeleton (D:4)
  3 worms
  2 dart slugs (D:2)
  7 leopard geckos
  84 orcs
  2 ball pythons
  3 giant cockroaches
  5 hobgoblins
  16 jackals
  14 kobolds
  5 quokkas
  5 bats
  3 frilled lizards
  A giant cockroach zombie (D:5)
  10 goblins
  A quokka skeleton (D:5)
  9 rats
  A fungus (Lair:4)
737 creatures vanquished.

Vanquished Creatures (collateral kills)
  A centaur (Shoals:2)
  An orc wizard (Orc:2)
2 creatures vanquished.

Vanquished Creatures (others)
  A faun (Shoals:2)
  A manticore (Shoals:1)
  2 cyclopes
  2 yaktaurs (Depths:1)
  A merfolk (Shoals:3)
  An orc warrior (Orc:1)
  2 centaurs
  An orc (D:9)
  A kobold (D:9)
  16 demonic plants (Gauntlet)
  3 fungi
  A plant (Shoals:1)
32 creatures vanquished.

Grand Total: 771 creatures vanquished

Notes
Turn   | Place    | Note
-------+----------+-------------------------------------------
     0 | D:1      | mopl the Troll Arcane Marksman began the quest for the Orb.
     0 | D:1      | Reached XP level 1. HP: 18/18 MP: 1/1
   106 | D:1      | Reached skill level 1 in Unarmed Combat
   135 | D:1      | Reached skill level 2 in Throwing
   179 | D:1      | Reached XP level 2. HP: 26/26 MP: 2/2
   569 | D:2      | Reached skill level 2 in Unarmed Combat
   678 | D:2      | Reached XP level 3. HP: 32/32 MP: 3/3
  1046 | D:2      | Reached XP level 4. HP: 40/40 MP: 4/4
  1051 | D:2      | Reached skill level 3 in Unarmed Combat
  1298 | D:3      | Reached skill level 3 in Throwing
  1298 | D:3      | Reached XP level 5. HP: 21/46 MP: 5/5
  1347 | D:3      | Noticed Ijyb
  1355 | D:3      | Paralysed by Ijyb for 3 turns
  1364 | D:3      | Killed Ijyb
  1364 | D:3      | Reached skill level 4 in Unarmed Combat
  1501 | D:3      | Noticed Natasha
  1516 | D:3      | Killed Natasha
  1525 | D:3      | Noticed Natasha
  1537 | D:3      | Killed Natasha
  1622 | D:3      | Found an ornate altar of the Wu Jian Council.
  1645 | D:3      | Reached XP level 6. HP: 37/54 MP: 6/6
  1650 | D:3      | Learned a level 3 spell: Portal Projectile
  1689 | D:3      | Noticed Natasha
  1704 | D:3      | Killed Natasha
  1704 | D:3      | Reached skill level 5 in Unarmed Combat
  2328 | D:3      | Reached skill level 4 in Throwing
  2628 | D:4      | Reached skill level 1 in Fighting
  2628 | D:4      | Reached XP level 7. HP: 56/62 MP: 7/7
  2734 | D:4      | Reached skill level 6 in Unarmed Combat
  3011 | D:5      | Entered Level 5 of the Dungeon
  3091 | D:5      | Found a shimmering altar of Xom.
  3464 | D:5      | Reached skill level 2 in Fighting
  4066 | D:6      | Reached skill level 7 in Unarmed Combat
  4066 | D:6      | Reached XP level 8. HP: 48/72 MP: 8/8
  4207 | D:6      | Noticed Dowan
  4214 | D:6      | Noticed Duvessa
  4235 | D:6      | Killed Dowan
  4235 | D:6      | Reached skill level 5 in Throwing
  4248 | D:6      | Killed Duvessa
  4248 | D:6      | Reached skill level 2 in Dodging
  4255 | D:6      | Reached skill level 1 in Armour
  4421 | D:6      | Noticed Edmund
  4482 | D:5      | Reached skill level 1 in Slings
  4674 | D:6      | Killed Edmund
  4674 | D:6      | Reached skill level 3 in Fighting
  4911 | D:7      | Found a staircase to the Ecumenical Temple.
  4912 | D:7      | Noticed a hippogriff
  4916 | D:7      | Noticed a hippogriff
  4925 | D:6      | Killed a hippogriff
  4925 | D:6      | Reached skill level 2 in Armour
  4981 | Temple   | Entered the Ecumenical Temple
  4985 | Temple   | Killed a hippogriff
  4985 | Temple   | Reached skill level 3 in Dodging
  4985 | Temple   | Reached XP level 9. HP: 51/83 MP: 9/9
  5031 | Temple   | Became a worshipper of Warmaster Okawaru
  5072 | D:7      | Reached skill level 2 in Slings
  5230 | D:7      | Noticed Prince Ribbit
  5383 | D:7      | Found a blossoming altar of Fedhas.
  5404 | D:7      | Noticed an oklob plant
  5477 | D:7      | Reached skill level 1 in Invocations
  5585 | D:7      | Reached skill level 6 in Throwing
  5611 | D:7      | Found a blossoming altar of Fedhas.
  5612 | D:7      | Found an ancient bone altar of Kikubaaqudgha.
  5853 | D:7      | Reached * piety under Okawaru
  5861 | D:8      | Noticed a two-headed ogre
  5875 | D:8      | Killed a two-headed ogre
  5875 | D:8      | Reached ** piety under Okawaru
  5875 | D:8      | Reached skill level 4 in Fighting
  5875 | D:8      | Reached skill level 3 in Armour
  5875 | D:8      | Reached skill level 2 in Invocations
  6048 | D:8      | Reached skill level 4 in Dodging
  6148 | D:8      | Noticed Maurice
  6162 | D:8      | Killed Maurice
  6162 | D:8      | Reached *** piety under Okawaru
  6162 | D:8      | Reached skill level 3 in Slings
  6162 | D:8      | Reached skill level 1 in Shields
  6162 | D:8      | Reached XP level 10. HP: 92/94 MP: 9/11
  6330 | D:8      | Found a shimmering altar of Xom.
  6370 | D:8      | Found a glowing silver altar of Zin.
  6520 | D:9      | Noticed Erica
  6533 | D:9      | Reached skill level 3 in Invocations
  6547 | D:9      | Killed Erica
  6547 | D:9      | Reached **** piety under Okawaru
  6547 | D:9      | Reached skill level 4 in Armour
  6601 | D:9      | Reached skill level 1 in Evocations
  6619 | D:9      | Reached skill level 5 in Fighting
  6629 | D:9      | Reached skill level 2 in Shields
  6639 | D:9      | Received a gift from Okawaru
  6784 | D:9      | Found a glowing golden altar of the Shining One.
  6859 | D:9      | Got a bloodstained cloak
  6863 | D:9      | Found a staircase to the Orcish Mines.
  6886 | D:9      | Identified the -2 cloak of the Wheelwright {Int+3} (You
                  | found it on level 9 of the Dungeon)
  6915 | D:9      | Learned a level 1 spell: Beastly Appendage
  6943 | D:9      | Received a gift from Okawaru
  7084 | D:9      | Reached skill level 7 in Throwing
  7352 | D:10     | Entered Level 10 of the Dungeon
  7465 | D:10     | Reached skill level 2 in Evocations
  7471 | D:10     | Reached ***** piety under Okawaru
  7471 | D:10     | Reached skill level 4 in Invocations
  7471 | D:10     | Reached XP level 11. HP: 104/104 MP: 9/13
  7473 | D:10     | Reached skill level 5 in Dodging
  7577 | D:10     | Found a white marble altar of Elyvilon.
  7591 | D:10     | Noticed a two-headed ogre
  7599 | D:10     | Killed a two-headed ogre
  7599 | D:10     | Reached skill level 1 in Long Blades
  7811 | D:10     | Reached skill level 3 in Shields
  8124 | D:11     | Found a staircase to the Lair.
  8247 | D:11     | Reached skill level 4 in Slings
  8872 | D:11     | Reached skill level 5 in Armour
  9134 | Lair:1   | Entered Level 1 of the Lair of Beasts
  9206 | Lair:1   | Received a gift from Okawaru
  9211 | Lair:1   | Reached skill level 2 in Long Blades
  9302 | Lair:1   | Received a gift from Okawaru
  9307 | Lair:1   | Got a twisted robe {god gift}
  9318 | Lair:1   | Identified the +1 robe of Failure {rN++ Int+4} (Okawaru
                  | gifted it to you on level 1 of the Lair of Beasts)
  9424 | Lair:1   | Reached skill level 3 in Evocations
  9441 | Lair:1   | Reached skill level 6 in Fighting
  9450 | Lair:1   | Reached skill level 5 in Invocations
  9536 | Lair:1   | Got a fine flail
  9537 | Lair:1   | Identified the cursed +0 flail of Kindness {crush, +Rage
                  | MP+9 Stlth-} (You found it on level 1 of the Lair of
                  | Beasts)
  9893 | Lair:2   | Noticed a four-headed hydra
  9905 | Lair:2   | Killed a one-headed hydra
 10024 | Lair:2   | Reached skill level 4 in Shields
 10024 | Lair:2   | Reached XP level 12. HP: 102/114 MP: 12/14
 10327 | Lair:2   | Noticed Nergalle
 10347 | Lair:2   | Killed Nergalle
 10347 | Lair:2   | Reached skill level 3 in Long Blades
 11000 | Lair:3   | Reached skill level 6 in Dodging
 11032 | Lair:3   | Found a staircase to the Shoals.
 11572 | Lair:4   | Received a gift from Okawaru
 11741 | Lair:4   | Reached skill level 4 in Evocations
 11753 | Lair:4   | Received a gift from Okawaru
 11756 | Lair:4   | Reached skill level 6 in Armour
 11829 | Lair:4   | Reached skill level 6 in Invocations
 11862 | Lair:4   | You fall into a shaft and drop 1 floor!
 11877 | Lair:5   | Reached skill level 5 in Slings
 12005 | Lair:5   | Found a gate leading to a gauntlet.
 12020 | Lair:5   | Received a gift from Okawaru
 12026 | Gauntlet | Entered a Gauntlet
 12026 | Gauntlet | Found a transporter.
 12026 | Gauntlet | Found a transporter.
 12027 | Gauntlet | Found a transporter.
 12028 | Gauntlet | Noticed a death scarab
 12029 | Gauntlet | Found a transporter.
 12030 | Gauntlet | Found a transporter.
 12049 | Gauntlet | Found a transporter.
 12055 | Gauntlet | Found a transporter.
 12059 | Gauntlet | Found a transporter.
 12072 | Gauntlet | Found a transporter.
 12075 | Gauntlet | Noticed a reaper
 12076 | Gauntlet | Found a transporter.
 12148 | Gauntlet | Found a transporter.
 12173 | Gauntlet | Found a transporter.
 12286 | Gauntlet | Got a faintly glowing hat
 12297 | Gauntlet | Identified the cursed -6 hat of Supple Strength {MR- Regen+
                  | Str+4 Int+3} (You found it in a Gauntlet)
 12323 | Gauntlet | Killed a reaper
 12323 | Gauntlet | Reached skill level 4 in Long Blades
 12323 | Gauntlet | Reached skill level 5 in Shields
 12398 | Gauntlet | Noticed a minotaur
 12410 | Gauntlet | Killed a minotaur
 12436 | Gauntlet | Found the +3 robe of Folly {Archmagi, MR-- Int+5}
 12442 | Gauntlet | Got a scorched platinum ring
 12446 | Gauntlet | Identified the ring "Dyisilis" {+Fly rF+ Int-4 SInv} (You
                  | found it in a Gauntlet)
 12633 | Lair:4   | Reached XP level 13. HP: 117/123 MP: 16/16
 12863 | Lair:4   | Reached skill level 7 in Fighting
 12928 | Lair:3   | Received a gift from Okawaru
 13300 | Lair:4   | Found the ring of Phasing {EV+8}
 13366 | Lair:4   | Found a hole to the Spider Nest.
 13841 | Lair:6   | Entered Level 6 of the Lair of Beasts
 14506 | Lair:6   | Reached skill level 7 in Dodging
 14549 | Lair:6   | Received a gift from Okawaru
 14568 | Lair:5   | Reached skill level 5 in Evocations
 14732 | Lair:6   | Reached skill level 5 in Long Blades
 14732 | Lair:6   | Reached skill level 7 in Invocations
 14734 | Lair:6   | Found a runed translucent door.
 14734 | Lair:6   | Found a viscous altar of Jiyva.
 14734 | Lair:6   | Found a staircase to the Slime Pits.
 14734 | Lair:6   | Noticed an acid blob
 14840 | Lair:6   | Noticed Josephine
 14847 | Lair:6   | Received a gift from Okawaru
 14859 | Lair:6   | Killed Josephine
 14859 | Lair:6   | Reached skill level 7 in Armour
 14868 | Lair:6   | Reached skill level 6 in Shields
 14913 | Lair:6   | Received a gift from Okawaru
 14935 | Lair:6   | Found a large runed translucent door.
 14935 | Lair:6   | Noticed a fire dragon
 15007 | Lair:6   | Reached skill level 1 in Maces & Flails
 15016 | Lair:6   | Reached skill level 1 in Translocations
 15028 | Lair:6   | Reached skill level 1 in Transmutations
 15059 | Lair:6   | Found a large runed translucent door.
 15138 | Lair:6   | Killed a fire dragon
 15138 | Lair:6   | Reached skill level 6 in Slings
 15551 | Lair:6   | Reached XP level 14. HP: 104/133 MP: 18/18
 16239 | Orc:1    | Entered Level 1 of the Orcish Mines
 16239 | Orc:1    | Noticed a stone giant
 16255 | Orc:1    | Killed a stone giant
 16255 | Orc:1    | Reached skill level 2 in Maces & Flails
 16642 | Orc:2    | Entered Level 2 of the Orcish Mines
 16749 | Orc:2    | Noticed Rupert
 16761 | Orc:2    | Reached skill level 2 in Translocations
 16774 | Orc:2    | Killed Rupert
 16774 | Orc:2    | Received a gift from Okawaru
 16775 | Orc:2    | Noticed Snorg
 16786 | Orc:2    | Killed Snorg
 16786 | Orc:2    | Reached skill level 2 in Transmutations
 16856 | Orc:2    | Reached skill level 3 in Hexes
 17097 | Orc:2    | Found a staircase to the Elven Halls.
 17121 | Orc:2    | Noticed Azrael
 17151 | Orc:2    | Killed Azrael
 17151 | Orc:2    | Received a gift from Okawaru
 17589 | Orc:2    | Reached skill level 6 in Long Blades
 17589 | Orc:2    | Reached skill level 3 in Maces & Flails
 17610 | Orc:2    | Found Ciwkojei's Distillery.
 17610 | Orc:2    | Found Cealeus's Weapon Boutique.
 17653 | Orc:2    | Found a roughly hewn altar of Beogh.
 17718 | Orc:2    | Found Pytaz's General Store.
 17718 | Orc:2    | Found Niaroe Yreps's Antique Armour Boutique.
 17792 | Orc:2    | Bought a scroll of identify for 26 gold pieces
 17802 | Orc:2    | Bought a runed cloak for 210 gold pieces
 17847 | Orc:2    | Bought a potion of curing for 39 gold pieces
 17847 | Orc:2    | Bought a potion of lignification for 39 gold pieces
 17847 | Orc:2    | Bought a potion of cancellation for 104 gold pieces
 17847 | Orc:2    | Bought 2 potions of haste for 260 gold pieces
 17847 | Orc:2    | Bought a potion of resistance for 130 gold pieces
 17847 | Orc:2    | Bought 2 potions of agility for 104 gold pieces
 17847 | Orc:2    | Bought a potion of curing for 39 gold pieces
 17847 | Orc:2    | Bought a potion of curing for 39 gold pieces
 17847 | Orc:2    | Bought a potion of haste for 130 gold pieces
 18422 | D:12     | Found a burning altar of Makhleb.
 18439 | D:12     | Reached skill level 6 in Evocations
 18475 | D:12     | Found a portal to a secret trove of treasure.
 18822 | D:12     | Found Benufoof's Weapon Emporium.
 18862 | D:13     | Reached skill level 3 in Translocations
 19041 | D:13     | Reached skill level 7 in Shields
 19095 | D:13     | Reached skill level 3 in Transmutations
 19438 | D:14     | Noticed Agnes
 19458 | D:14     | Killed Agnes
 19563 | D:14     | Found a gate to the Vaults.
 19651 | D:14     | Reached skill level 4 in Maces & Flails
 19722 | D:14     | Received a gift from Okawaru
 19765 | D:14     | Reached XP level 15. HP: 140/140 MP: 19/19
 20276 | D:15     | Entered Level 15 of the Dungeon
 20325 | D:15     | Found Saen's Magic Scroll Boutique.
 20331 | D:15     | Bought a scroll of teleportation for 36 gold pieces
 20331 | D:15     | Bought a scroll of teleportation for 36 gold pieces
 20331 | D:15     | Bought a scroll of teleportation for 36 gold pieces
 20331 | D:15     | Bought a scroll of teleportation for 36 gold pieces
 20331 | D:15     | Bought a scroll of vulnerability for 90 gold pieces
 20456 | D:15     | Found Uqawka's Gadget Emporium.
 20462 | D:15     | Reached skill level 4 in Hexes
 20604 | D:15     | Found Lowiaxir's Antique Armour Shop.
 20613 | D:15     | Bought a runed scarf for 240 gold pieces
 20685 | D:15     | Reached skill level 4 in Translocations
 20879 | D:15     | Found a staircase to the Depths.
 20910 | D:15     | Received a gift from Okawaru
 21087 | D:15     | Reached skill level 7 in Slings
 21117 | D:15     | Reached skill level 7 in Long Blades
 21339 | D:15     | Received a gift from Okawaru
 21489 | D:15     | Found a stormy altar of Qazlal.
 21620 | D:15     | Found Waovyoro's Gadget Emporium.
 21653 | D:15     | Found Pyrph's Magic Scroll Shop.
 21656 | D:15     | Bought a scroll of blinking for 127 gold pieces
 21669 | D:15     | Reached skill level 4 in Transmutations
 21909 | Depths:1 | Entered Level 1 of the Depths
 21909 | Depths:1 | Found a blossoming altar of Fedhas.
 21921 | Depths:1 | Paralysed by a great orb of eyes for 3 turns
 21927 | Depths:1 | Paralysed by a great orb of eyes for 5 turns
 21943 | Depths:1 | Reached skill level 5 in Maces & Flails
 21976 | Depths:1 | Found a gateway to Hell.
 22221 | Shoals:1 | Entered Level 1 of the Shoals
 22266 | Shoals:1 | Reached skill level 1 in Staves
 22307 | Shoals:1 | Learned a level 2 spell: Corpse Rot
 22488 | Shoals:1 | Reached skill level 7 in Evocations
 22655 | Shoals:1 | Received a gift from Okawaru
 22802 | Shoals:2 | Reached skill level 2 in Spellcasting
 22825 | Shoals:1 | Reached skill level 1 in Necromancy
 22949 | Shoals:2 | Received a gift from Okawaru
 23078 | Shoals:2 | Received a gift from Okawaru
 23132 | Shoals:2 | Reached skill level 2 in Staves
 23469 | Shoals:1 | Reached XP level 16. HP: 61/149 MP: 20/20
 23650 | Shoals:2 | Reached skill level 2 in Necromancy
 23713 | Shoals:2 | Reached skill level 5 in Hexes
 24585 | Shoals:2 | Reached skill level 5 in Translocations
 24651 | Shoals:3 | Reached skill level 6 in Maces & Flails
 24653 | Shoals:3 | HP: 5/149 [satyr/arrow (21)]
 24654 | Shoals:2 | Succumbed to a merfolk impaler's poison

Levels and vault maps discovered:
D:1:      moated_graveyard_arrival, layout_loops_ring
D:2:      minmay_angry_zag, layout_basic, first_ration, st_stairs_13,
          grunt_ministairs_15
D:3:      layout_loops_cross, nicolae_overflow_crystal_walls,
          corexii_leaking_fountain, hex_medium, minmay_misc_feat_chi,
          uniq_natasha, uniq_ijyb
D:4:      layout_loops_cross
D:5:      layout_basic, basic_altar
D:6:      layout_basic, uniq_edmund, uniq_duvessa
D:7:      layout_cave_pools, grunt_temple_overflow_growth_and_decay,
          minmay_temple_entry_large_hall, grunt_ogre_cave, dk_vineyard_1,
          nrook_mini_backslash, tgw_fedhas, uniq_prince_ribbit1
D:8:      layout_cave_pools, kennysheep_mini_moat, lemuel_crystal_altar,
          uniq_maurice
D:9:      layout_long_grid, lemuel_round_altar, erik_orc_4, uniq_erica
D:10:     layout_loops_ring, elyvilon_altar_3
D:11:     layout_grid_maze, lair_entry_dummy
D:12:     layout_rooms, basic_altar, enter_trove_6, serial_shops, shop
D:13:     layout_rooms
D:14:     layout_roguey, david_vaults_2, chequers_serial_rivers_micro_c,
          uniq_agnes
D:15:     gammafunk_depths_entry_grave, layout_loops_ring, serial_shops, shop,
          shop, nicolae_shop_waterfront,
          nicolae_shop_competitors_out_of_business, nicolae_shop_behind_doors,
          minmay_tree_intersection, small_statue_intersection,
          nicolae_qazlal_general_emergency
Temple:   nicolae_temple_elliptical
Lair:1:   layout_loops_ring, patterned_corridor, lemuel_fruit_fields
Lair:2:   layout_roguey, serial_forest, infiniplex_forest_clump_double,
          infiniplex_forest_zigzag_1, infiniplex_forest_3_way,
          infiniplex_forest_lined_room_2, infiniplex_forest_zigzag_1,
          infiniplex_forest_lined_room_2, uniq_nergalle
Lair:3:   layout_hall_layers, elwin_shoals_entry_rooms
Lair:4:   layout_long_grid, nicolae_spider_entry_orb_guardian
Lair:5:   layout_loops_ring, gauntlet_entry_generic
Lair:6:   cheibrodos_lair_end_hotspot, layout_hall_layers, slime_altar_2,
          chequers_serial_rivers_micro_a, uniq_josephine
Shoals:1: layout_shoals
Shoals:2: layout_shoals
Shoals:3: cheibrodos_shoals_gigantism, layout_shoals
Orc:1:    layout_caves
Orc:2:    st_orc_town, layout_diamond_mine, uniq_snorg, uniq_rupert, uniq_azrael
Depths:1: layout_cave_pools, hell_entry, basic_altar, st_stairs_6,
          nooodl_orcs_dogs, minmay_shoptagon, uniq_nikola, uniq_enchantress

Skill      XL: |  1  2  3  4  5  6  7  8  9 10 11 12 13 14 15 16 |
---------------+-------------------------------------------------+-----
Unarmed Combat | 1 2 3 4 5 7 |  7.1
Throwing       | 2 3 4 5 6 7 |  7.0
Fighting       | 1 2 3 4 5 6 7 |  7.0
Dodging        | 3 4 5 6 7 |  7.3
Armour         | 2 3 4 5 6 7 |  7.0
Slings         | 1 3 4 5 6 7 |  7.0
Invocations    | 2 4 5 6 7 |  7.0
Shields        | 1 2 4 5 6 7 |  7.0
Evocations     | 2 3 4 5 6 7 |  7.0
Long Blades    | 2 4 5 6 7 |  7.0
Maces & Flails | 1 4 5 6 |  6.0
Translocations | 1 3 4 5 |  5.0
Transmutations | 1 3 4 |  4.9
Hexes          | 3 4 5 |  5.0
Staves         | 2 |  2.6
Spellcasting   | 2 |  2.6
Necromancy     | 1 2 |  2.2
Polearms       | |  0.1

Action                   |  1- 3 |  4- 6 |  7- 9 | 10-12 | 13-15 | 16-18 || total
-------------------------+-------+-------+-------+-------+-------+-------++-------
Melee: Unarmed           |   116 |   189 |   365 |   798 |  1718 |   154 ||  3340
       Punch             |       |     4 |     8 |     3 |       |       ||    15
       Scimitar          |       |       |       |    10 |    33 |       ||    43
Throw: Large rock        |       |       |     1 |     6 |     9 |       ||    16
       Stone             |       |       |       |    19 |       |       ||    19
       Dart              |       |       |       |    19 |    73 |     4 ||    96
       Throwing net      |       |       |       |     1 |       |       ||     1
       Javelin           |       |       |       |       |    21 |       ||    21
Invok: Heroism           |       |       |     1 |    31 |    47 |     6 ||    85
       Finesse           |       |       |       |     4 |     3 |       ||     7
Evoke: Wand              |       |       |     4 |     1 |     5 |     2 ||    12
       Lightning rod     |       |       |       |       |     4 |       ||     4
  Use: Scroll            |       |       |     5 |    19 |    10 |     1 ||    35
 Stab: Sleeping          |     1 |       |       |     1 |       |       ||     2
       Paralysed         |       |       |     7 |       |       |       ||     7
       Confused          |       |       |       |       |     4 |       ||     4
  Eat: Chunk             |    15 |    15 |    32 |    60 |   102 |    13 ||   237
Armor: Robe              |    50 |    66 |   121 |    18 |    99 |    15 ||   369
       Troll leather arm |       |       |       |   110 |    40 |       ||   150
Dodge: Dodged            |    66 |    83 |   169 |   219 |   559 |    89 ||  1185
Block: Other             |       |       |    18 |    17 |       |       ||    35
       Shield            |       |       |       |   287 |       |       ||   287
       Reflection        |       |       |       |     6 |    85 |    33 ||   124
       Large shield      |       |       |       |   187 |  1797 |   248 ||  2232
       Rpst.: Scimitar   |       |       |       |     2 |     1 |       ||     3

Table legend:
 A = Non-vault XP
 B = Vault XP
 C = Vault XP percentage of total XP
 D = Non-vault monster count
 E = Vault monster count
 F = Vault count percentage of total count
                 A         B        C        D         E       F
            +---------+---------+-------+---------+---------+-------
      Total |  125521 |   37782 |  23.1 |     605 |     143 |  19.1
            +---------+---------+-------+---------+---------+-------
        D:1 |      23 |       0 |   0.0 |      15 |       0 |   0.0
        D:2 |      50 |      36 |  41.9 |      18 |       7 |  28.0
        D:3 |     451 |      73 |  13.9 |      38 |       2 |   5.0
        D:4 |     190 |       0 |   0.0 |      14 |       0 |   0.0
        D:5 |     486 |       0 |   0.0 |      24 |       0 |   0.0
        D:6 |     897 |     379 |  29.7 |      18 |       3 |  14.3
        D:7 |     760 |     122 |  13.8 |      16 |       1 |   5.9
        D:8 |    2081 |     469 |  18.4 |      22 |       1 |   4.3
        D:9 |    2557 |    1359 |  34.7 |      30 |      16 |  34.8
       D:10 |    3221 |       0 |   0.0 |      22 |       0 |   0.0
       D:11 |    1694 |       0 |   0.0 |      14 |       0 |   0.0
       D:12 |    3860 |       0 |   0.0 |      21 |       0 |   0.0
       D:13 |    8787 |       0 |   0.0 |      31 |       0 |   0.0
       D:14 |    7933 |    4908 |  38.2 |      29 |       4 |  12.1
       D:15 |   12596 |    4802 |  27.6 |      38 |       8 |  17.4
     Temple |     259 |       0 |   0.0 |       1 |       0 |   0.0
     Lair:1 |    4987 |       0 |   0.0 |      20 |       0 |   0.0
     Lair:2 |    3027 |     800 |  20.9 |      11 |       1 |   8.3
     Lair:3 |    2704 |     313 |  10.4 |      11 |       1 |   8.3
     Lair:4 |   11838 |     643 |   5.2 |      49 |       1 |   2.0
     Lair:5 |    4935 |       0 |   0.0 |      16 |       0 |   0.0
     Lair:6 |    7812 |    9507 |  54.9 |      23 |      31 |  57.4
   Shoals:1 |   11903 |       0 |   0.0 |      24 |       0 |   0.0
   Shoals:2 |   19175 |       0 |   0.0 |      45 |       0 |   0.0
   Shoals:3 |    2245 |       0 |   0.0 |       5 |       0 |   0.0
      Orc:1 |    5136 |       0 |   0.0 |      21 |       0 |   0.0
      Orc:2 |    1664 |   10407 |  86.2 |      22 |      59 |  72.8
   Depths:1 |    4250 |       0 |   0.0 |       7 |       0 |   0.0
   Gauntlet |       0 |    3964 | 100.0 |       0 |       8 | 100.0
            +---------+---------+-------+---------+---------+-------
